 Seeded DCSS version 0.29.1-15-g9cfb28693d (webtiles) character file.

Game seed: 9529714651559989746 (custom seed)

311 valliere the Ruffian (level 6, 48/61 HPs)
             Began as an Ogre Transmuter on Feb 20, 2023.
             Quit the game on level 2 of the Dungeon on Feb 22, 2023.
             The game lasted 00:07:48 (2296 turns).

valliere the Ruffian (Ogre Transmuter)              Turns: 2296, Time: 00:07:49

Health: 48/61      AC:  3    Str: 22    XL:     6   Next: 42%
Magic:  10/11      EV: 14    Int: 14    God:
Gold:   610        SH:  0    Dex:  9    Spells: 10/11 levels left

rFire   . . .      SeeInvis .     - Unarmed
rCold   . . .      Faith    .   (no shield)
rNeg    . . .      Spirit   +   a - +0 robe
rPois   +          Reflect  .   (helmet currently unavailable)
rElec   .          Harm     .   (no cloak)
rCorr   .          Rampage  .   (gloves unavailable)
Will    .....                   (boots unavailable)
Stlth   +.........              k - amulet of the Catamount {Spirit Str+5}
HPRegen 0.20/turn               e - ring of poison resistance
MPRegen 0.12/turn               n - +4 ring of evasion

@: appendages (expiring), slowed, very slow
A: horns 2, talons 2, large, unfitting armour, tough skin 1
a: End Transformation


You were on level 2 of the Dungeon.
You had temporarily grown beastly horns and talons.
You visited 1 branch of the dungeon, and saw 2 of its levels.

You collected 610 gold pieces.

Inventory:

Armour
 a - a +0 robe (worn)
 j - the +2 hat "Dymnonaf" (melded) {rPois SInv}
   (You acquired it on level 1 of the Dungeon)

   rPois:     It protects you from poison.
   SInv:      It lets you see invisible.
 p - the +18 shield of the Gong {rElec rN+ Will+ EV-5}
   (You acquired it on level 2 of the Dungeon)

   It is deafeningly noisy when blocking attacks.
   EV:        It affects your evasion (-5).
   rElec:     It insulates you from electricity.
   rN:        It protects you from negative energy.
   Will:      It increases your willpower.
Jewellery
 e - a ring of poison resistance (left hand)
 k - the amulet of the Catamount (around neck) {Spirit Str+5}
   (You acquired it on level 1 of the Dungeon)

   [amulet of guardian spirit]

   It causes incoming damage to be divided between your reserves of health and
   magic.
   Str:       It affects your strength (+5).
 n - a +4 ring of evasion (right hand)
Scrolls
 c - 2 scrolls of identify {unknown}
 g - a scroll of fear {unknown}
 h - a scroll of noise {unknown}
 i - 2 scrolls of poison {unknown}
 l - a scroll of magic mapping {unknown}
 r - a scroll of immolation {unknown}
Potions
 b - 2 potions of lignification
 d - 2 potions of degeneration {unknown}
 f - a potion of invisibility {unknown}
 m - a potion of attraction {unknown}
 o - a potion of flight {unknown}
 q - 2 potions of curing


   Skills:
 + Level 3.1 Fighting
 + Level 2.8 Dodging
 + Level 0.2 Shields
 * Level 4.0 Unarmed Combat
 + Level 3.4 Spellcasting
 * Level 3.5 Transmutations


You had 10 spell levels left.
You knew the following spells:

 Your Spells              Type           Power      Damage    Failure   Level
a - Beastly Appendage     Tmut           24%        N/A       4%          1

Your spell library contained the following spells:

 Spells                   Type           Power      Damage    Failure   Level
 Wereblood                Tmut           12%        N/A       8%          2
 Sting                    Tmut/Pois      28%        1d4       10%         1
 Magic Dart               Conj           8%         1d3       21%         1
 Shock                    Conj/Air       8%         1d3       21%         1
 Poisonous Vapours        Pois/Air       4%         N/A       30%         2
 Searing Ray              Conj           4%         2d4       30%         2
 Spider Form              Tmut/Pois      7%         N/A       30%         3
 Swiftness                Air            2%         N/A       52%         3
 Ice Form                 Ice/Tmut       7%         N/A       69%         4
 Airstrike                Air            1%         2d(1-17)  90%         4
 Fulminant Prism          Conj/Hex       1%         3d6       90%         4
 Olgreb's Toxic Radiance  Pois           2%         N/A       90%         4


Dungeon Overview and Level Annotations

Branches:
Dungeon (2/15)

Altars:

Shops:
D:1 *


Innate Abilities, Weirdness & Mutations

You have temporarily grown beastly horns and talons.
You are too large for most types of armour.
You have tough skin. (AC +1)


Message History

Natasha claws you but does no damage.
You closely miss Natasha. You headbutt Natasha!
Natasha is severely wounded.
Natasha drinks a potion.
Natasha is healed!
You barely miss Natasha. You punch Natasha! Your kick misses Natasha.
Natasha is severely wounded.
Natasha misses you.
You hit Natasha. Your kick misses Natasha.
Natasha is severely wounded.
Natasha casts a spell.
You closely miss Natasha. Your kick misses Natasha.
Your headbutt misses Natasha.
Natasha is severely wounded.
Natasha stares at you and mumbles some strange words.
You feel yourself slow down.
You hit Natasha. Your kick misses Natasha.
Natasha is almost dead.
Natasha claws you. Natasha completely misses you.
You closely miss Natasha.
Natasha is almost dead.
Natasha claws you but does no damage.
You barely miss Natasha. You claw Natasha, but do no damage.
You headbutt Natasha, but do no damage.
Natasha is almost dead.
The white imp misses you. Natasha closely misses you. The white imp hits you.
The white imp freezes you.
Natasha extends her claws.
Natasha claws you.
You miss Natasha. You claw Natasha.
You kill Natasha!
You feel Natasha's spirit has finally been put to rest.
The white imp disappears in a puff of smoke!
Your transformation is almost over.
No target in view!
Okay, then.
Welcome back, valliere the Ogre Transmuter.
Game seed: 9529714651559989746 (custom seed) Press ? for a list of commands and other information.
Are you sure you want to abandon this character and quit the game? (Confirm with "yes".)

#....######### #.#####.
#....#.......# ##.#.....
#....#.......# ###....####
#............# #....###
#...##.......####.##.######
#...##............#..##....
#...####......####......###
#...# #..).....#...#####..
##### #§.@.........####..#
#..§###.....###...##
#..§>...............
####.......#########
####### #....#..#
#.....###.......#####
#.....#......##.....###
#.......#......####...#
#.....##....##...####.###


There were no monsters in sight!

Vanquished Creatures
  Sigmund (D:2)
  Natasha (thrice) (D:2)
  An adder (D:2)
  A worm (D:2)
  2 dart slugs (D:1)
  6 bats (D:1)
  3 endoplasms
  A giant cockroach (D:1)
  2 goblins (D:1)
  5 hobgoblins (D:1)
  4 jackals (D:1)
  4 kobolds
  3 quokkas
  5 ball pythons
  2 frilled lizards
  8 rats
51 creatures vanquished.

Notes
Turn   | Place    | Note
-------+----------+-------------------------------------------
     0 | D:1      | valliere the Ogre Transmuter began the quest for the Orb.
     0 | D:1      | Reached XP level 1. HP: 19/19 MP: 3/3
   256 | D:1      | Reached XP level 2. HP: 23/27 MP: 5/5
   422 | D:1      | Reached skill level 3 in Unarmed Combat
   532 | D:1      | Found Balubi's Assorted Antiques.
   606 | D:1      | Reached XP level 3. HP: 24/35 MP: 4/6
  1507 | D:1      | Identified 3 scrolls of acquirement
  1507 | D:1      | Acquired 489 gold pieces
  1509 | D:1      | Acquired the amulet of the Catamount {Spirit Str+5}
  1516 | D:1      | Acquired the +2 hat "Dymnonaf" {rPois SInv}
  1541 | D:2      | Noticed Sigmund
  1569 | D:2      | Killed Sigmund
  1570 | D:2      | Reached XP level 4. HP: 17/44 MP: 3/8
  1570 | D:2      | Reached XP level 5. HP: 20/52 MP: 3/9
  1892 | D:2      | Reached XP level 6. HP: 59/59 MP: 8/10
  2021 | D:2      | Noticed Natasha
  2035 | D:2      | Killed Natasha
  2064 | D:2      | Acquired the +18 shield of the Gong {rElec rN+ Will+ EV-5}
  2064 | D:2      | Found the +18 shield of the Gong {rElec rN+ Will+ EV-5}
  2072 | D:2      | Found a faded altar of an unknown god.
  2112 | D:2      | Noticed Natasha
  2124 | D:2      | Killed Natasha
  2125 | D:2      | Reached skill level 4 in Unarmed Combat
  2282 | D:2      | Noticed Natasha
  2295 | D:2      | Killed Natasha
  2296 | D:2      | Upgraded the game from 0.29.1-14-g9c671dbff4 to
                  | 0.29.1-15-g9cfb28693d
  2296 | D:2      | Quit the game

Illustrated notes

Levels and vault maps discovered:
D:1:      minmay_arrival_four_circles, layout_basic, serial_shops,
          nicolae_shop_trees, nicolae_eternal_life, st_stairs_1,
          minmay_small_reverse_x
D:2:      layout_rooms, hellmonk_ecumenical_altar_zigzags, serial_corexii_hall,
          chequers_hall_statues_y, corexii_hall_statues_l, uniq_natasha,
          uniq_sigmund

Skill      XL: |  1  2  3  4  5  6 |
---------------+-------------------+-----
Transmutations | 2 3 |  3.5
Dodging        | 2 |  2.8
Unarmed Combat | 3 4 |  4.0
Fighting       | 2 3 |  3.1
Spellcasting   | 3 |  3.4
Shields        | |  0.2

Action                   |  1- 3 |  4- 6 || total
-------------------------+-------+-------++-------
Melee: Unarmed           |   133 |    42 ||   175
       Headbutt          |    17 |     5 ||    22
       Kick              |    21 |     9 ||    30
       Punch             |     4 |       ||     4
 Cast: Beastly Appendage |    19 |     6 ||    25
  Use: Scroll            |     3 |     1 ||     4
Armor: Robe              |    43 |     6 ||    49
Dodge: Dodged            |    75 |    22 ||    97
